Map: Data-C

Players

A.I. 1 (Very Easy)

  • Race: Terran Terran
  • Spawn Location: 3:00

Dytef - Winner!

  • Race: Zerg Zerg
  • League: Diamond
  • Spawn Location: 9:00

VOD

Have the link to the VOD?

Description

Time

  • Played on: Sept. 1, 2022, 3:09 p.m.
  • Length: 12:23
Show
View Real Time Build Order
Export as new Build Order

A.I. 1 (Very Easy) Terran 

Build Orders: Reaper Expand 

Get SALT Encoding   

  12  0:00  SCV  
  13  0:13  SCV  
  14  0:18  Supply Depot  
  14  0:43  Barracks  
  14  1:03  Command Center  
  14  1:31  Orbital Command, Supply Depot  
  14  1:32  Marine  
  15  1:38  Refinery  
  15  1:50  Refinery  
  15  1:57  SCV  
  16  2:09  SCV  
  16  2:15  SCV  
  18  2:18  Reaper  
  18  2:22  SCV  
  20  2:29  SCV  
  21  2:36  SCV  
  22  2:44  SCV  
  23  2:50  Refinery  
  23  2:51  SCV  
  25  2:58  SCV  
  25  3:02  Marine  
  27  3:05  SCV  
  27  3:13  SCV  
  27  3:15  Factory  
  28  3:37  Refinery  
  28  3:40  SCV  
  29  3:45  Marine  
  29  3:47  SCV  
  31  3:54  SCV  
  32  3:57  Supply Depot  
  32  4:01  SCV, Starport  
  33  4:08  SCV  
  34  4:15  SCV  
  35  4:23  SCV  
  36  4:29  Reaper  
  36  4:30  SCV  
  38  4:37  SCV  
  38  4:38  Starport Tech Lab  
  39  4:41  Supply Depot  
  39  4:44  SCV  
  40  4:51  SCV  
  41  4:58  SCV  
  41  4:59  Raven  
  44  5:06  SCV  
  45  5:12  Marine  
  45  5:13  SCV  
  47  5:20  SCV  
  48  5:42  Raven  
  50  5:56  Marine  
  51  6:40  Barracks Tech Lab  
  51  7:02  Marauder  
  53  7:39  SCV  
  53  7:53  Reaper  
  53  7:56  Supply Depot  
  45  8:25  Marine  
  46  8:48  SCV  
  43  8:51  Viking  
  31  9:02  SCV  
  31  9:03  Supply Depot  
  31  9:14  SCV  
  32  9:19  Marine  
  33  9:27  SCV  
  32  9:39  SCV  
  33  9:47  Command Center  
  33  9:48  Viking  
  33  9:51  SCV  
  36  9:54  Refinery  
  36  10:03  SCV  
  36  10:05  Refinery  
  37  10:15  SCV  
  37  10:17  Marauder  
  37  10:19  Factory  
  40  10:27  SCV  
  41  10:39  SCV  
  42  10:45  Viking  
  42  10:51  SCV  
  43  10:58  SCV  
  40  11:04  Supply Depot  
  40  11:05  SCV  
  41  11:13  Supply Depot  
  41  11:18  Refinery  
  39  11:29  Barracks  
  39  11:38  Supply Depot  
  40  11:50  Supply Depot  
  27  11:58  SCV  
  27  12:00  Barracks  
Show
View Real Time Build Order
Export as new Build Order

Dytef Zerg - Winner!

Build Orders: Hatch First, Brood Lord Corruptor 

Get SALT Encoding   

  12  0:02  Drone  
  13  0:14  Overlord  
  13  0:17  Drone  
  14  0:32  Drone x2  
  16  0:50  Hatchery  
  16  0:54  Drone  
  16  0:57  Drone  
  16  1:01  Drone  
  18  1:12  Extractor  
  18  1:18  Spawning Pool  
  16  1:20  Drone  
  16  1:24  Drone  
  18  1:29  Drone  
  19  1:41  Drone  
  20  1:51  Overlord  
  20  2:05  Queen x2  
  20  2:06  Zergling x4  
  26  2:12  Drone  
  26  2:13  Drone  
  28  2:30  Metabolic Boost  
  28  2:36  Hatchery  
  27  2:38  Drone  
  27  2:40  Drone  
  29  2:46  Drone x2  
  31  2:54  Queen  
  33  2:59  Overlord  
  33  3:08  Drone x2  
  33  3:09  Drone  
  33  3:11  Overlord  
  36  3:19  Drone x3  
  39  3:20  Drone  
  39  3:22  Drone  
  41  3:37  Drone  
  41  3:38  Drone x2  
  44  3:44  Queen  
  44  3:45  Drone  
  47  3:51  Drone x3  
  50  3:56  Drone  
  50  3:57  Drone x5  
  50  4:02  Baneling Nest  
  55  4:07  Drone  
  55  4:08  Drone x2  
  58  4:11  Overlord  
  58  4:28  Overlord x2  
  58  4:29  Queen  
  58  4:30  Drone x6  
  66  4:32  Lair  
  66  4:34  Spore Crawler  
  66  4:35  Spore Crawler  
  66  4:37  Spore Crawler  
  63  4:40  Overlord x2  
  63  4:52  Drone  
  64  4:53  Drone x7  
  71  5:08  Extractor  
  71  5:09  Extractor  
  71  5:12  Evolution Chamber  
  71  5:13  Evolution Chamber  
  67  5:23  Drone x10  
  77  5:30  Centrifugal Hooks  
  77  5:34  Drone x2  
  77  5:35  Drone x7  
  86  5:37  Zerg Melee Weapons Level 1, Extractor  
  86  5:39  Extractor  
  84  5:59  Hatchery  
  84  6:02  Overlord x4  
  83  6:07  Zerg Ground Armor Level 1  
  83  6:13  Drone x11  
  94  6:23  Hatchery, Spire  
  92  6:32  Zergling x2  
  93  6:33  Zergling x8  
  93  6:36  Overlord x3  
  93  6:37  Zergling x2  
  93  6:38  Zergling x12  
  104  6:52  Zergling x4  
  104  6:53  Zergling x2  
  107  7:09  Zergling x24  
  119  7:21  Extractor  
  118  7:28  Infestation Pit  
  117  7:32  Zerg Melee Weapons Level 2  
  117  7:38  Zerg Flyer Weapons Level 1  
  117  7:40  Hatchery  
  117  7:42  Zergling x10  
  117  7:43  Zergling x32  
  137  7:47  Overlord  
  137  7:48  Overlord  
  135  8:08  Overlord x2  
  135  8:09  Corruptor x9  
  135  8:12  Hive  
  153  8:20  Zerg Ground Armor Level 2  
  153  8:44  Corruptor x5  
  163  8:51  Extractor  
  162  9:02  Spore Crawler  
  162  9:04  Spore Crawler  
  162  9:05  Spine Crawler  
  162  9:08  Spore Crawler  
  158  9:10  Spine Crawler  
  158  9:16  Corruptor x5  
  159  9:22  Extractor  
  166  9:52  Corruptor x7  
  180  10:02  Greater Spire  
  180  11:22  Brood Lord x4  
  180  11:24  Brood Lord x5  
  198  11:45  Corruptor  
Tags
 
Add a new tag
Caveats
  • Supply blocks, unpowered buildings, or Contaminate may cause inaccurate times.
  • Supply counts are checked every 10 seconds.